[Event "GER-ch Youth-U18w 2022"]
[Site "Willingen"]
[Date "2022.06.09"]
[Round "7.4"]
[White "Falke, Ornella"]
[Black "Cheredzhiyska, Iva"]
[Result "1-0"]
[ECO "C70"]
[WhiteElo "1844"]
[BlackElo "1696"]
[Annotator "NA RC COMBH"]
[PlyCount "113"]
[EventDate "2022.06.05"]
[EventType "swiss"]
[EventRounds "9"]
[EventCountry "GER"]
[SourceTitle "playchess.com"]
[Source "ChessBase"]
[SourceQuality "1"]
[TimeControl "40/4500+30:900+30"]

1. e4 e5 2. Nf3 Nc6 3. Bb5 a6 4. Ba4 Bc5 5. O-O b5 6. Bb3 d6 7. a4 Bb7 8. c3 h6 9. d4 Bb6 10. axb5 axb5 11. Rxa8 Bxa8 12. Na3 Nf6 13. Bc2 O-O 14. Nxb5 Re8 15. d5 Ne7 16. c4 Ng6 17. Nc3 Qe7 18. Ne2 Bc5 19. Ng3 Rb8 20. Ba4 Qd8 21. Qc2 Nf8 22. Bd2 N8d7 23. Bb5 Bb7 24. b4 Bb6 25. h3 Ra8 26. Ba4 Ra7 27. Bb3 Qa8 28. Bc3 Ra6 29. Nh4 c6 30. Nhf5 Bc7 31. dxc6 Rxc6 32. Ne7+ Kf8 33. Nxc6 Bxc6 34. Ra1 Qb7 35. f3 Bb6+ 36. Kh1 Qc7 37. Qd2 Ne8 38. Nf5 Qb8 39. Ne3 Ndf6 40. Nd5 Nxd5 41. exd5 Bd7 42. Ba4 Bf5 43. Bc6 Qc7 44. Ra8 Bd7 45. Bxd7 Qxd7 46. Qc2 Ke7 47. f4 Nc7 48. Rg8 Ne8 49. fxe5 dxe5 50. c5 f6 51. d6+ Kf7 52. Qa2+ Kg6 53. cxb6 Qc6 54. b7 Qxb7 55. Rxe8 Qc6 56. Qc2+ Kf7 57. Re7+ 1-0

[Event "GER-ch Youth-U18w 2022"]
[Site "Willingen"]
[Date "2022.06.09"]
[Round "7.5"]
[White "Goetten Wagner, Julia"]
[Black "Basovskiy, Jana"]
[Result "0-1"]
[ECO "B40"]
[WhiteElo "1631"]
[BlackElo "1938"]
[Annotator "TA"]
[PlyCount "66"]
[EventDate "2022.06.05"]
[EventType "swiss"]
[EventRounds "9"]
[EventCountry "GER"]
[SourceTitle "playchess.com"]
[Source "ChessBase"]
[SourceQuality "1"]
[TimeControl "40/4500+30:900+30"]

1. e4 c5 2. Nf3 e6 3. g3 Nc6 4. Bg2 Nf6 5. Nc3 d6 6. O-O Be7 7. Re1 O-O 8. d4 cxd4 9. Nxd4 Bd7 10. b3 {B80: Sicilian Scheveningen: 6 g3 and 6 Be3, including English Attack.} Qb6 {[%emt 0:11:34] [#]} 11. Nce2 $146 ({Predecessor:} 11. Nxc6 Bxc6 12. Nd5 exd5 13. exd5 Nxd5 14. Bxd5 Bf6 15. Be3 Qa5 16. Bxc6 Bxa1 17. Bxb7 Rab8 {½-½ (41) Schroeder,C (2137)-Pfreundt,J (2392) Hamburg 2019}) 11... d5 12. exd5 {[%emt 0:03:28] The position is equal.} Nxd5 13. c4 Nf6 14. Be3 {[%emt 0:05:09] Nxc6 is the strong threat.} Bc5 15. Qd3 (15. b4 $11 {keeps the balance.} Nxb4 16. a3) 15... Ne5 $17 16. Qc2 {[%emt 0:05:33] [#]} (16. Qd2 $142) 16... Neg4 $1 17. Qd3 (17. Qc1 $17) 17... Nxe3 18. fxe3 {[%emt 0:06:43] [#]} e5 (18... Rfd8 $1 $19 {Strongly threatening ...e5.} 19. Nc3 Be8) 19. Nc2 a5 20. Nc3 Rad8 $36 {[%emt 0:00:53][%mdl 2048] Keeping White busy.} 21. Nd5 Nxd5 22. Qxd5 {[%emt 0:00:50][%mdl 8192] White does not recover from this.} (22. Bxd5 $17 {is a better chance.} g6 23. Rf1) 22... Bf5 {[%emt 0:01:18] A strong pair of Bishops. Black is clearly winning.} 23. Qxb7 Qxb7 ({Don't blunder} 23... Bxc2 $2 24. Qxb6 Bxb6 25. Bd5 $19) 24. Bxb7 Bxc2 25. Bd5 a4 26. Rac1 axb3 27. axb3 Bxb3 28. Rb1 Rb8 29. Kg2 g6 30. e4 Kg7 31. g4 Ba4 32. Ra1 Rb2+ 33. Kh3 Bd7 {[%emt 0:00:29] Weighted Error Value: White=1.00/Black=0.15 (very precise)} 0-1

[Event "GER-ch Youth-U18w 2022"]
[Site "Willingen"]
[Date "2022.06.09"]
[Round "7.6"]
[White "Schneider, Katharina"]
[Black "Yue, Qizhou"]
[Result "1-0"]
[ECO "B28"]
[WhiteElo "1810"]
[BlackElo "1715"]
[Annotator "NA RC COMBH"]
[PlyCount "89"]
[EventDate "2022.06.05"]
[EventType "swiss"]
[EventRounds "9"]
[EventCountry "GER"]
[SourceTitle "playchess.com"]
[Source "ChessBase"]
[SourceQuality "1"]
[TimeControl "40/4500+30:900+30"]

1. e4 c5 2. Nf3 a6 3. d4 cxd4 4. Nxd4 Nf6 5. Nc3 e5 6. Nb3 Nc6 7. f3 d6 8. Be3 Be6 9. Qd2 Be7 10. O-O-O Qc7 11. Kb1 Nd7 12. g4 b5 13. h4 Nb6 14. h5 Nc4 15. Bxc4 bxc4 16. Nc1 Rb8 17. g5 Qb7 18. b3 Nb4 19. Nd5 Nxd5 20. exd5 Bf5 21. Rh2 Kd7 22. f4 Rhc8 23. Qe1 Qc7 24. Ka1 a5 25. fxe5 dxe5 26. d6 Bxd6 27. Rhd2 cxb3 28. Rxd6+ Ke7 29. Nxb3 Qxd6 30. Rxd6 Kxd6 31. Bc5+ Rxc5 32. Nxc5 Bxc2 33. Qd2+ Kxc5 34. Qxc2+ Kd4 35. Qxh7 e4 36. Qxg7+ Kd3 37. Qxf7 e3 38. Qd7+ Ke4 39. Qg4+ Kd3 40. Qd1+ Kc3 41. g6 Re8 42. g7 e2 43. Qe1+ Kd3 44. h6 Ke3 45. h7 1-0

[Event "GER-ch Youth-U18w 2022"]
[Site "Willingen"]
[Date "2022.06.09"]
[Round "7.7"]
[White "Berghold, Lotta"]
[Black "Wilmink, Anna"]
[Result "1-0"]
[ECO "A46"]
[WhiteElo "1482"]
[BlackElo "1700"]
[Annotator "NA RC COMBH"]
[PlyCount "97"]
[EventDate "2022.06.05"]
[EventType "swiss"]
[EventRounds "9"]
[EventCountry "GER"]
[SourceTitle "playchess.com"]
[Source "ChessBase"]
[SourceQuality "1"]
[TimeControl "40/4500+30:900+30"]

1. d4 Nf6 2. Nf3 d5 3. g3 e6 4. Bg2 Be7 5. O-O O-O 6. c4 dxc4 7. Nbd2 a6 8. Nxc4 b5 9. Nfe5 Nd5 10. Na5 Bf6 11. e4 Bxe5 12. exd5 exd5 13. dxe5 c6 14. Nb3 Nd7 15. Re1 Re8 16. Qd4 Qe7 17. f4 Rb8 18. Bd2 Nb6 19. Bb4 Qd8 20. Na5 Ra8 21. Nxc6 Qc7 22. Rac1 Nc4 23. Bxd5 Bb7 24. Bxc4 bxc4 25. Rxc4 Bxc6 26. Rec1 Rac8 27. Rxc6 Qxc6 28. Rxc6 Rxc6 29. Bc3 Kf8 30. Qd7 Rb6 31. Bb4+ Rxb4 32. Qd6+ Kg8 33. Qxb4 g6 34. Qc5 Rd8 35. Qe3 Rb8 36. b3 a5 37. Qa7 Rc8 38. Qxa5 Rc1+ 39. Kg2 Rc2+ 40. Kh3 Kg7 41. b4 h6 42. b5 g5 43. fxg5 hxg5 44. Qd8 g4+ 45. Kxg4 Rxh2 46. Qf6+ Kg8 47. b6 Rb2 48. Qd8+ Kh7 49. Qc7 1-0

[Event "GER-ch Youth-U18w 2022"]
[Site "Willingen"]
[Date "2022.06.09"]
[Round "7.8"]
[White "Jacoby, Angelina"]
[Black "Orlova, Alicia"]
[Result "1/2-1/2"]
[ECO "D00"]
[WhiteElo "1535"]
[BlackElo "1724"]
[Annotator "NA RC COMBH"]
[PlyCount "103"]
[EventDate "2022.06.05"]
[EventType "swiss"]
[EventRounds "9"]
[EventCountry "GER"]
[SourceTitle "playchess.com"]
[Source "ChessBase"]
[SourceQuality "1"]
[TimeControl "40/4500+30:900+30"]

1. d4 d5 2. Bf4 Nf6 3. e3 c5 4. c3 Nc6 5. Nf3 e6 6. Nbd2 Nh5 7. Bg5 Be7 8. Bxe7 Qxe7 9. Be2 Nf6 10. O-O e5 11. dxe5 Nxe5 12. Nxe5 Qxe5 13. Nf3 Qc7 14. Qc2 O-O 15. Rac1 b6 16. Rfd1 Bb7 17. Ne1 Rfd8 18. Bf3 Rd6 19. Rd2 Re8 20. Rcd1 Rde6 21. Qc1 Ne4 22. Rd3 Rh6 23. h3 Qe7 24. Bxe4 Qxe4 25. Nf3 Qg6 26. Kh1 d4 27. exd4 Be4 28. Re3 f5 29. Rxe4 fxe4 30. Ne5 Qf5 31. Qe3 Rd6 32. Re1 cxd4 33. cxd4 Red8 34. Kg1 Qe6 35. Nf3 Re8 36. Qa3 Qd7 37. Ne5 Qc7 38. Qb3+ Kf8 39. Rxe4 Rf6 40. Re3 Rd8 41. Rd3 Qc1+ 42. Rd1 Qf4 43. Nf3 Qd6 44. Qc3 Qd5 45. a3 h6 46. Rd3 Rc6 47. Qd2 Rdc8 48. Qf4+ Rf6 49. Qd2 Rfc6 50. Qf4+ Rf6 51. Qd2 Rfc6 52. Qf4+ 1/2-1/2

[Event "GER-ch Youth-U18w 2022"]
[Site "Willingen"]
[Date "2022.06.09"]
[Round "7.9"]
[White "Kosak, Karolina"]
[Black "Albayrak, Nese Pinar"]
[Result "1/2-1/2"]
[ECO "C47"]
[WhiteElo "1471"]
[BlackElo "1683"]
[Annotator "NA RC COMBH"]
[PlyCount "70"]
[EventDate "2022.06.05"]
[EventType "swiss"]
[EventRounds "9"]
[EventCountry "GER"]
[SourceTitle "playchess.com"]
[Source "ChessBase"]
[SourceQuality "1"]
[TimeControl "40/4500+30:900+30"]

1. e4 e5 2. Nf3 Nc6 3. Nc3 Nf6 4. d4 exd4 5. Nxd4 Bb4 6. Nxc6 bxc6 7. Bd3 O-O 8. O-O h6 9. h3 Re8 10. Qf3 d5 11. exd5 cxd5 12. Bf4 Bb7 13. Ne2 c5 14. c3 Ba5 15. Bc2 Qb6 16. Rab1 d4 17. Qd3 Qc6 18. f3 c4 19. Qf5 Rxe2 20. Bd1 d3 21. Qxa5 Re7 22. b3 Nd5 23. Bd2 Qb6+ 24. Qxb6 axb6 25. bxc4 Rxa2 26. cxd5 Rxd2 27. d6 Rd7 28. Rxb6 Ra2 29. c4 Ba6 30. Rf2 Ra1 31. Rd2 Bxc4 32. Kf2 f6 33. Bb3 Bxb3 34. Rxb3 Rxd6 35. Rbxd3 Re6 1/2-1/2

[Event "GER-ch Youth-U18w 2022"]
[Site "Willingen"]
[Date "2022.06.09"]
[Round "7.10"]
[White "Mueller, Sophie Charlotte"]
[Black "Gröschel, Karoline"]
[Result "0-1"]
[ECO "E00"]
[WhiteElo "1509"]
[BlackElo "1546"]
[Annotator "NA RC COMBH"]
[PlyCount "160"]
[EventDate "2022.06.05"]
[EventType "swiss"]
[EventRounds "9"]
[EventCountry "GER"]
[SourceTitle "playchess.com"]
[Source "ChessBase"]
[SourceQuality "1"]
[TimeControl "40/4500+30:900+30"]

1. d4 Nf6 2. c4 e6 3. Bg5 Bb4+ 4. Nd2 d5 5. e3 O-O 6. Ngf3 h6 7. Bh4 b6 8. a3 Be7 9. Be2 Bb7 10. O-O Nbd7 11. Rc1 c5 12. Re1 Rc8 13. Bd3 cxd4 14. Nxd4 Ne5 15. Bf1 dxc4 16. Nxc4 Nxc4 17. Rxc4 Rxc4 18. Bxc4 Qc7 19. Qc2 Rc8 20. Bd3 Qd7 21. Qe2 Qd5 22. f3 Kf8 23. Rd1 Qc5 24. Nb5 a6 25. Nd4 b5 26. Bf2 Qh5 27. Nb3 Bd6 28. Bg3 Bxg3 29. hxg3 Qe5 30. Kf2 Qd5 31. Nd4 Rd8 32. Kf1 Qg5 33. Kf2 Nh5 34. g4 Qh4+ 35. g3 Nxg3 36. Qc2 Ne4+ 37. Kg2 Qg3+ 38. Kf1 Qh3+ 39. Qg2 Qxg2+ 40. Kxg2 Ng5 41. Be2 Ke7 42. e4 g6 43. b4 Rc8 44. Nb3 Rc3 45. Nc5 Bc8 46. Rd3 Rc2 47. Kf1 Nh3 48. Bd1 Rc1 49. Ke1 Nf4 50. Rb3 h5 51. Nd3 Nxd3+ 52. Rxd3 hxg4 53. fxg4 e5 54. Kd2 Rc4 55. Bf3 Bb7 56. Ke3 f5 57. gxf5 gxf5 58. exf5 e4 59. Bxe4 Rxe4+ 60. Kd2 Re5 61. Re3 Be4 62. Kc3 Kf6 63. Rh3 Kxf5 64. Rh6 Re6 65. Rxe6 Kxe6 66. Kd4 Bb7 67. Kc5 Kd7 68. Kb6 Bc8 69. Kc5 Kc7 70. Kd5 Bb7+ 71. Kc5 Ba8 72. Kd4 Kd6 73. Ke3 Ke5 74. Kd3 Bd5 75. Kc3 Ke4 76. Kc2 Kd4 77. Kd2 Bb3 78. Kc1 Kc3 79. Kb1 Bc4 80. a4 Kxb4 0-1

[Event "GER-ch Youth-U18w 2022"]
[Site "Willingen"]
[Date "2022.06.09"]
[Round "7.11"]
[White "Kieckbusch, Lotta"]
[Black "Sokyrko, Sofiia"]
[Result "0-1"]
[ECO "C40"]
[WhiteElo "1207"]
[BlackElo "1368"]
[Annotator "NA RC COMBH"]
[PlyCount "58"]
[EventDate "2022.06.05"]
[EventType "swiss"]
[EventRounds "9"]
[EventCountry "GER"]
[SourceTitle "playchess.com"]
[Source "ChessBase"]
[SourceQuality "1"]
[TimeControl "40/4500+30:900+30"]

1. e4 e5 2. Nf3 d5 3. Nxe5 Bd6 4. d4 dxe4 5. Bc4 Bxe5 6. Qh5 Qe7 7. Qxe5 Qxe5 8. dxe5 Nc6 9. Nc3 Nge7 10. Nb5 O-O 11. Nxc7 Rb8 12. Bg5 Ng6 13. e6 fxe6 14. Nxe6 Bxe6 15. Bxe6+ Kh8 16. Be3 Rbd8 17. Bb3 Nh4 18. Bg5 Nxg2+ 19. Kf1 e3 20. Kxg2 Rxf2+ 21. Kg3 Rdf8 22. Rae1 e2 23. Bc4 R8f3+ 24. Kh4 h6 25. Rxe2 hxg5+ 26. Kxg5 Rf5+ 27. Kg6 Ne5+ 28. Rxe5 Rxe5 29. Rd1 Rf6# 0-1

[Event "GER-ch Youth-U18w 2022"]
[Site "Willingen"]
[Date "2022.06.10"]
[Round "8.1"]
[White "Dartmann Aubanell, Catriona"]
[Black "Bardorz, Jana"]
[Result "1-0"]
[ECO "C77"]
[WhiteElo "1874"]
[BlackElo "1974"]
[Annotator "TA"]
[PlyCount "98"]
[EventDate "2022.06.05"]
[EventType "swiss"]
[EventRounds "9"]
[EventCountry "GER"]
[SourceTitle "playchess.com"]
[Source "ChessBase"]
[SourceQuality "1"]
[TimeControl "40/4500+30:900+30"]

1. e4 e5 2. Nf3 Nc6 3. Bb5 a6 4. Ba4 Nf6 5. d3 d6 6. c3 g6 7. O-O Bg7 8. Re1 O-O 9. Nbd2 Nd7 10. Nf1 Nc5 11. Bc2 {[%emt 0:00:31] C77: Ruy Lopez: 3...a6 4 Ba4 Nf6, unusual lines.} Ne6 {[%emt 0:00:00] Prevents d4.} 12. Be3 f5 {[%emt 0:00:00] [#]} 13. d4 $146 (13. Bc1 $11 {remains equal.}) ({Predecessor:} 13. exf5 gxf5 14. d4 e4 15. d5 exf3 16. dxc6 fxg2 17. Ng3 f4 18. Qh5 Ng5 19. h4 {0-1 (56) El Taher,F (2485)-Aleksandrov,A (2591) New Delhi/Teheran 2000}) 13... fxe4 (13... f4 $17 14. d5 fxe3 15. Rxe3 Bh6) 14. Bxe4 d5 {[%emt 0:01:02] White must now prevent ...exd4.} 15. Bc2 e4 16. N3d2 Ne7 17. f3 exf3 18. Nxf3 Nf5 19. Qd2 ({White should try} 19. Bxf5 $14 Rxf5 20. Qd2) 19... Nxe3 $11 20. Nxe3 Nf4 21. Rf1 Bh6 22. Kh1 Be6 23. Rae1 Qf6 24. Qf2 Rae8 25. Qg3 Kh8 26. Ne5 {[%emt 0:08:03] [#]} Nh5 (26... Ne2 $1 $15 {keeps the upper hand.} 27. Qf3 (27. Nxg6+ $2 hxg6 28. Qxg6 Qxg6 $19) 27... Qxf3 28. Rxf3 Rxf3 29. gxf3 Nf4) 27. Nxg6+ $1 $16 hxg6 28. Qxg6 Qxg6 29. Bxg6 Bxe3 30. Bxe8 Rxf1+ 31. Rxf1 Nf4 32. g3 (32. Rf3 $16 Bc1 33. Rf1) 32... Bf5 $2 {[%emt 0:02:06][%mdl 8192] This move loses the game for Black.} 33. Rxf4 $18 Be4+ {[%emt 0:00:11] [#]} 34. Rxe4 $1 dxe4 {[%emt 0:00:03][%mdl 4096] Endgame KB-KB} 35. Bg6 Bc1 36. Bxe4 Bxb2 $2 (36... c6 37. b3 Bb2) 37. Bxb7 Bxc3 38. Bxa6 Bxd4 39. a4 Kg7 40. Kg2 Kf6 41. Kf3 {[%emt 0:15:40] h4 is the strong threat.} Ke5 42. g4 Bc3 43. g5 Bd2 44. h4 c5 45. g6 Bh6 46. a5 Kd4 47. Bb5 c4 {[%emt 0:00:00] [#]} 48. Bxc4 $1 Kxc4 (48... Bg7 49. a6) 49. a6 Kd5 {Weighted Error Value: White=0.25 (precise) /Black=0.39} 1-0

[Event "GER-ch Youth-U18w 2022"]
[Site "Willingen"]
[Date "2022.06.10"]
[Round "8.2"]
[White "Rudolph, Eva"]
[Black "Falke, Ornella"]
[Result "0-1"]
[ECO "B92"]
[WhiteElo "1860"]
[BlackElo "1844"]
[Annotator "NA RC COMBH"]
[PlyCount "127"]
[EventDate "2022.06.05"]
[EventType "swiss"]
[EventRounds "9"]
[EventCountry "GER"]
[SourceTitle "playchess.com"]
[Source "ChessBase"]
[SourceQuality "1"]
[TimeControl "40/4500+30:900+30"]

1. e4 c5 2. Nf3 d6 3. d4 cxd4 4. Nxd4 Nf6 5. Nc3 a6 6. Be2 e5 7. Nb3 Be7 8. Bg5 Be6 9. Bxf6 Bxf6 10. Qd3 Be7 {[%emt 0:00:00] outshines the older 10...Nc6.} 11. O-O Nd7 12. Rad1 {[%emt 0:04:25] [#]} Rc8 $146 ({Predecessor:} 12... Nf6 13. Nd5 Nxd5 14. exd5 Bd7 15. c4 O-O 16. c5 f5 17. f4 e4 18. Qe3 Rc8 19. c6 bxc6 20. dxc6 Rxc6 21. Nd4 Qb6 22. Bc4+ Rxc4 {0-1 (22) Spitzl,V (2319)-Perez Gormaz,M (2389) Chess.com INT 2022}) 13. Rfe1 O-O 14. Bf3 Kh8 (14... Nb6 $15 {might be stronger.}) 15. Nd2 (15. Nd5 $11) 15... Qb6 16. b3 (16. Rb1 $15) 16... Qc5 17. Ndb1 b5 18. a3 Rfd8 19. Re2 Nf6 20. h3 g6 21. Qd2 Kg7 22. Nd5 (22. Qe1 $17) 22... Nxd5 23. exd5 Bd7 24. c3 f5 25. Ree1 h6 26. Be2 Bh4 27. Bf1 Rf8 28. c4 Qc7 29. Qe3 Rce8 30. cxb5 axb5 31. Qc3 Qb6 32. Qe3 Qd8 33. Nc3 Qa5 34. Ra1 Bg5 35. Qd3 (35. b4 $17 Qc7 36. Qd3) 35... e4 36. Qc2 Rc8 37. b4 Qc7 38. Rac1 Bxc1 39. Rxc1 Qb6 40. Qb2 Qd4 41. Rc2 Rb8 42. Rd2 Qe5 43. a4 bxa4 44. b5 Rfc8 45. Rc2 Rc5 46. b6 Kf6 47. Qb4 Bc8 48. Qb2 (48. Qxa4 $142 Rxb6 49. Nd1) 48... Bb7 49. Qb4 Bxd5 $2 (49... Rbc8 50. Qxa4 Rxc3 51. Rxc3 Rxc3) 50. Nxd5+ Qxd5 51. Rd2 {[%emt 0:00:46] [#]} Rxb6 $3 52. Qxb6 Qxd2 53. Qd8+ Ke6 54. Qe8+ Kd5 55. Qf7+ Kd4 56. Qf6+ Re5 57. Qxd6+ Rd5 58. Qf6+ Kc5 59. Qe7+ Kb6 60. Qf6+ Rd6 61. Qe5 Qb4 62. Qe8 $19 Qa5 63. Qa8 (63. Qb8+ $19 Kc5 64. Qc8+ Kd4 65. Qf8) 63... Qb5 $4 (63... Qxa8 64. Bc4 a3 65. Kh1 Rd2 66. Kg1 a2 67. g4 e3 68. Be2 Rxe2 69. Kh2 Qb8+ 70. Kh1 a1=Q+ 71. Kg2 Rxf2#) 64. Qb7+ $4 0-1

[Event "GER-ch Youth-U18w 2022"]
[Site "Willingen"]
[Date "2022.06.10"]
[Round "8.3"]
[White "Heutling, Elina"]
[Black "Schneider, Katharina"]
[Result "1-0"]
[ECO "C77"]
[WhiteElo "1798"]
[BlackElo "1810"]
[Annotator "NA RC COMBH"]
[PlyCount "113"]
[EventDate "2022.06.05"]
[EventType "swiss"]
[EventRounds "9"]
[EventCountry "GER"]
[SourceTitle "playchess.com"]
[Source "ChessBase"]
[SourceQuality "1"]
[TimeControl "40/4500+30:900+30"]

1. e4 e5 2. Nf3 Nc6 3. Bb5 a6 4. Ba4 Nf6 5. d3 b5 6. Bb3 Bc5 7. Nc3 {[%emt 0:00:00] 7.c3 is the modern continuation.} d6 8. Nd5 h6 9. c3 Ba7 10. O-O O-O 11. h3 {[%emt 0:03:42] [#]} Na5 $146 ({Predecessor:} 11... Be6 12. Nxf6+ Qxf6 13. Re1 Rad8 14. Be3 Bxe3 15. Rxe3 d5 16. exd5 Bxd5 17. Qe2 Qg6 {1-0 (52) Alekseev,E (2632)-Kobalia,M (2628) Tallinn 2016}) 12. Bc2 c5 13. a4 Nc6 14. axb5 axb5 15. Bb3 c4 16. Nxf6+ Qxf6 17. Ba2 Be6 18. Be3 Rfd8 (18... Bxe3 $17 19. fxe3 Qd8) 19. Bb1 Qg6 20. Kh1 Bxe3 21. Rxa8 Rxa8 22. fxe3 Ra1 23. d4 exd4 24. exd4 Qg3 25. d5 Bxh3 26. Qe2 Ne5 27. Nxe5 dxe5 28. gxh3 Qxh3+ 29. Kg1 Qg3+ 30. Qg2 Qe3+ 31. Kh2 Ra6 32. Qf2 Qxf2+ 33. Rxf2 f6 34. Kg3 Kf7 35. Bc2 g6 36. Kf3 h5 37. Rd2 Ke7 38. Ke3 Kd6 (38... Ra2 $142) 39. Rg2 g5 40. Bd1 h4 41. Rf2 Ke7 42. Kf3 Ra1 43. Rd2 Ra6 44. Kg4 Rd6 45. Be2 Ra6 46. Kf5 Rd6 47. Bg4 Kf7 48. Rd1 Kg7 49. Ra1 Kf7 50. Ra7+ Kf8 51. Kg6 Ke8 52. Be6 Kd8 53. Kxf6 h3 54. Kxe5 Rb6 55. d6 Rxd6 56. Kxd6 h2 57. Ra4 1-0

[Event "GER-ch Youth-U18w 2022"]
[Site "Willingen"]
[Date "2022.06.10"]
[Round "8.4"]
[White "Basovskiy, Jana"]
[Black "Dietz, Kristin"]
[Result "1/2-1/2"]
[ECO "B40"]
[WhiteElo "1938"]
[BlackElo "1707"]
[Annotator "TA"]
[PlyCount "119"]
[EventDate "2022.06.05"]
[EventType "swiss"]
[EventRounds "9"]
[EventCountry "GER"]
[SourceTitle "playchess.com"]
[Source "ChessBase"]
[SourceQuality "1"]
[TimeControl "40/4500+30:900+30"]

1. e4 c5 2. Nf3 e6 3. g3 Nc6 4. Bg2 Nge7 5. O-O d5 6. d3 {[%emt 0:00:00] B40: Sicilian: 2...e6, Unusual lines.} dxe4 (6... g6 $11) 7. dxe4 $14 Qxd1 8. Rxd1 {[%emt 0:01:24] White is slightly better.} e5 (8... Ng6 $14) 9. Be3 (9. Nc3 $18 {is more deadly. Strongly threatening Nb5.} Rb8 10. Nb5) 9... Ng6 10. Nc3 {[%emt 0:13:15] [#] Hoping for Nb5.} Bg4 $146 ({Predecessor:} 10... Be7 11. Nd5 b6 12. Nc7+ {1-0 (12) Turville Petre,F-Webb,D (1200) London 2005}) 11. Nd5 O-O-O {[%emt 0:00:20] [#] Against Nc7} (11... Rc8 $142) 12. c3 (12. Ng5 $142 $1 ) 12... f5 (12... f6 $142) 13. h3 $16 fxe4 14. hxg4 exf3 15. Bxf3 Bd6 16. Be4 Na5 (16... Nge7 $16 17. Nxe7+ Bxe7) 17. Bg5 Rde8 18. Ne3 Be7 19. Bf5+ {[%emt 0:04:16] This bishop pair is nice.} Kb8 20. Bxe7 Nxe7 21. Rd7 Nxf5 22. Nxf5 g6 23. Ne3 Rd8 24. Rad1 Kc8 25. R7d5 {[%emt 0:01:37] 0x0.0022290038e7dp-1022s more active pieces. The black rooks are badly placed.} b6 26. Rxe5 Rxd1+ 27. Nxd1 {[%emt 0:00:10][%mdl 4096] Endgame KRN-KRN} Rd8 28. Ne3 Nc6 29. Rd5 Re8 30. Nc4 Re2 31. Kf1 Rc2 32. Ke1 Kc7 33. Rd2 Rc1+ 34. Ke2 Nd4+ 35. Kd3 (35. cxd4 $18 Rxc4 36. f4) 35... Nf3 $14 36. Re2 b5 37. Ne5 c4+ 38. Ke4 Ng1 39. Rd2 (39. Re3 $14) 39... Re1+ $19 40. Kd5 $2 {[%emt 0:00:52] [#]} (40. Kf4 {only move.} Nh3+ 41. Kf3 Rxe5 42. Kg2) 40... Rxe5+ $1 {[%emt 0:00:10][%mdl 576] Remove Defender, Decoy} 41. Kxe5 {[%emt 0:15:19] KR-KN} Nf3+ 42. Kf6 Nxd2 {[%emt 0:00:04] KN-KP} 43. Kg7 (43. Ke5 $142 Nf3+ 44. Ke4) 43... Ne4 44. f3 Nxg3 {[%emt 0:02:28] White must now prevent ...h5.} 45. Kxh7 Nf1 $2 ({Better is} 45... Ne2 $19 {[%cal Oe2c3] aiming for ...Nxc3!} 46. Kxg6 {[#]} Nxc3 $1 ) 46. g5 (46. Kxg6 $11 {keeps the balance.} Kd7 47. Kf6) 46... Ne3 (46... Kd7 $17 47. Kxg6 Ke6) 47. Kxg6 $11 {[%emt 0:00:06] The position is equal.} Kd6 {[%emt 0:00:06] And now ...Ke6 would win.} 48. Kf6 Nd5+ 49. Kf7 Ke5 50. g6 Ne3 51. g7 Nf5 52. g8=Q ({But not} 52. f4+ Kxf4 53. g8=N Ne3 $17) 52... Nh6+ 53. Kg7 Nxg8 54. Kxg8 {[%emt 0:00:00] KP-KP} a5 {[%emt 0:00:00] ...Kf4 is the strong threat.} 55. a3 {[%emt 0:00:00] Intending Kf7 and mate.} Kf4 56. Kf7 Kxf3 57. Ke6 {[%emt 0:00:00] Threatening mate with Kd7.} Ke4 58. Kd6 Kd3 $1 {[%emt 0:00:00] ( -> ...Kc2)} 59. Kc5 Kc2 60. Kxb5 {[%emt 0:00:00] Black had all chances to win.  Weighted Error Value: White=0.54/Black=0.33} 1/2-1/2

[Event "GER-ch Youth-U18w 2022"]
[Site "Willingen"]
[Date "2022.06.10"]
[Round "8.5"]
[White "Gröschel, Karoline"]
[Black "Berghold, Lotta"]
[Result "0-1"]
[ECO "B03"]
[WhiteElo "1546"]
[BlackElo "1482"]
[Annotator "NA RC COMBH"]
[PlyCount "56"]
[EventDate "2022.06.05"]
[EventType "swiss"]
[EventRounds "9"]
[EventCountry "GER"]
[SourceTitle "playchess.com"]
[Source "ChessBase"]
[SourceQuality "1"]
[TimeControl "40/4500+30:900+30"]

1. e4 Nf6 2. e5 Nd5 3. c4 Nb6 4. d4 d6 5. f4 g6 6. Nc3 Bg7 7. Be2 O-O 8. Nf3 dxe5 9. fxe5 Bg4 10. O-O c5 11. dxc5 N6d7 12. Qd4 Bxf3 13. Bxf3 Nxe5 14. Qe4 Nbc6 15. Be3 Qa5 16. Be2 Nd7 17. Nd5 e6 18. Nf4 Nxc5 19. Qc2 Nd4 20. Qc1 Nxe2+ 21. Nxe2 Nd3 22. Qc2 Rad8 23. Rad1 Nxb2 24. Rb1 Qa3 25. Bc1 Qc5+ 26. Kh1 Nxc4 27. Rxb7 Rc8 28. Qe4 Nd6 0-1

[Event "GER-ch Youth-U18w 2022"]
[Site "Willingen"]
[Date "2022.06.10"]
[Round "8.6"]
[White "Kroemer, Paulina"]
[Black "Cheredzhiyska, Iva"]
[Result "0-1"]
[ECO "D04"]
[WhiteElo "1583"]
[BlackElo "1696"]
[Annotator "NA RC COMBH"]
[PlyCount "106"]
[EventDate "2022.06.05"]
[EventType "swiss"]
[EventRounds "9"]
[EventCountry "GER"]
[SourceTitle "playchess.com"]
[Source "ChessBase"]
[SourceQuality "1"]
[TimeControl "40/4500+30:900+30"]

1. d4 d5 2. Nf3 Nf6 3. e3 b6 4. c4 e6 5. cxd5 exd5 6. Be2 Bd6 7. O-O O-O 8. b3 Nbd7 9. Bb2 Bb7 10. Nc3 a6 11. Rc1 Rc8 12. Bd3 Re8 13. a4 Ne4 14. Qe2 Ra8 15. Ne1 Qh4 16. g3 Qh3 17. f4 Nxc3 18. Bxc3 c5 19. Nf3 f6 20. Rfe1 Re7 21. Qg2 Qxg2+ 22. Kxg2 Rae8 23. Kf2 Bb8 24. Nd2 g6 25. f5 g5 26. b4 c4 27. Be2 Rxe3 28. Bh5 Rxe1 29. Rxe1 Rxe1 30. Kxe1 b5 31. a5 Kf8 32. Nf1 Ke7 33. Ne3 Kd6 34. Ng4 Bc6 35. Ke2 Ba7 36. Ke3 Ke7 37. Nh6 Kf8 38. Nf7 Ne5 39. Nd8 Bd7 40. Ne6+ Bxe6 41. fxe6 Ke7 42. h4 gxh4 43. gxh4 Ng6 44. Bf3 Kxe6 45. h5 Ne7 46. Kf4 Bb8+ 47. Kg4 Nc6 48. h6 Bd6 49. Kh5 Nxb4 50. Bg4+ f5 51. Bh3 Nd3 52. Kg5 Bf4+ 53. Kh5 b4 0-1

[Event "GER-ch Youth-U18w 2022"]
[Site "Willingen"]
[Date "2022.06.10"]
[Round "8.7"]
[White "Orlova, Alicia"]
[Black "Goetten Wagner, Julia"]
[Result "1/2-1/2"]
[ECO "C47"]
[WhiteElo "1724"]
[BlackElo "1631"]
[Annotator "NA RC COMBH"]
[PlyCount "98"]
[EventDate "2022.06.05"]
[EventType "swiss"]
[EventRounds "9"]
[EventCountry "GER"]
[SourceTitle "playchess.com"]
[Source "ChessBase"]
[SourceQuality "1"]
[TimeControl "40/4500+30:900+30"]

1. e4 e5 2. Nf3 Nc6 3. Nc3 Nf6 4. a3 d5 5. Bb5 Bg4 6. exd5 Nxd5 7. Qe2 f6 8. d4 Nxc3 9. bxc3 Qd5 10. c4 Bxf3 11. cxd5 Bxe2 12. Kxe2 a6 13. dxc6 axb5 14. cxb7 Rb8 15. dxe5 fxe5 16. Bb2 Bd6 17. Rhe1 O-O 18. Kf1 Rfe8 19. Re3 Rxb7 20. Rae1 Ra8 21. Rg3 c6 22. Rd1 Bf8 23. Rdd3 e4 24. Rd1 Rba7 25. Rc3 c5 26. Rd5 Ra4 27. Ke2 b4 28. axb4 Ra2 29. bxc5 Rxb2 30. c6 Be7 31. Rd7 Bf6 32. Rc4 Rc8 33. Ke3 Rb6 34. c7 Kf8 35. Kxe4 Ke8 36. Rd5 Rb7 37. Rdc5 Be7 38. Rh5 h6 39. h4 Rbxc7 40. Rxc7 Rxc7 41. Kd3 Rc5 42. Rxc5 Bxc5 43. f4 h5 44. Ke4 Kf7 45. Kf3 Be7 46. g4 g6 47. f5 Bxh4 48. fxg6+ Kxg6 49. gxh5+ Kxh5 1/2-1/2